 Dungeon Crawl Stone Soup version 0.18.1-8-gdd0e5ea (webtiles) character file.

33 zeroDi the Sneak (level 3, 0/18 HPs)
             Began as a Vine Stalker Assassin on May 24, 2016.
             Slain by a goblin
             ... wielding a +0 dagger
             ... led by Robin
              (4 damage)
             ... on level 2 of the Dungeon.
             The game lasted 00:01:12 (889 turns).

zeroDi the Sneak (Vine Stalker Assassin)             Turns: 889, Time: 00:01:12

Health: 0/18       AC:  3    Str: 13    XL:     3   Next: 29%
Magic:  0/4        EV: 12    Int: 11    God:
Gold:   53         SH:  0    Dex: 16    Spells: 0 memorised, 2 levels left

rFire  . . .     SeeInvis .     a - +0 short sword (venom)
rCold  . . .     Gourm    .     c - +0 robe
rNeg   . . .     Faith    .     (no shield)
rPois  .         Spirit   +     (no helmet)
rElec  .         Dismiss  .     d - +0 cloak
rCorr  .         Reflect  .     (no gloves)
SustAt .         Harm     .     (no boots)
MR     .....                    (no amulet)
Stlth  +++.......               (no ring)
                                (no ring)

@: not resistant to hostile enchantments, fairly stealthy
A: fangs 2, regeneration 1, magic shield, antimagic bite, no device heal 3, rot
immunity
a: no special abilities


You were on level 2 of the Dungeon.
You were not hungry.

You visited 1 branch of the dungeon, and saw 2 of its levels.

You collected 53 gold pieces.


Innate Abilities, Weirdness & Mutations

You have extremely sharp teeth.
Your natural rate of healing is unusually fast.
When hurt, damage is shared between your health and your magic reserves.
Your bite disrupts and absorbs the magic of your enemies.
Potions and wands cannot restore your health.
You are immune to rotting.


   Skills:
 + Level 2.1 Fighting
 + Level 2.2 Short Blades
 + Level 2.0 Throwing
 + Level 1.1 Dodging
 + Level 5.3 Stealth


You had 2 spell levels left.
You didn't know any spells.

Inventory:

Hand Weapons
 a - a +0 short sword of venom (weapon)
 b - a +0 blowgun
 k - a +2 dagger
Missiles
 e - 7 poisoned needles
 f - 2 curare-tipped needles {=f}
Armour
 c - a +0 robe (worn)
 d - a +0 cloak (worn)
Scrolls
 h - a scroll of fear {unknown}
 l - a scroll of blinking {unknown}
 n - a scroll of teleportation {unknown}
 p - a scroll of magic mapping {unknown}
Potions
 i - 3 potions of curing {unknown}
 j - a potion of flight {unknown}
 m - a potion of ambrosia {unknown}
Comestibles
 g - 2 bread rations
 o - 2 chunks of flesh

Dungeon Overview and Level Annotations

Branches:
Dungeon (2/15)

Altars:

Annotations:
D:2 Robin

#####. #### ....<.
..... ......
.....###+#......
................
(...........#...
#g.).gg......
#####g##..... #@#
.## ###g# #...#
#.#### #....#
####### #..#.#
#.....#
#..#.#####.###.#####
....#.......#
#....<#
#.##.#########
#######


You could see Robin, 2 hobgoblins and a goblin.


Message History

The goblin is heavily wounded.
The hobgoblin hits you but does no damage.
The goblin barely misses you.
You miss the goblin.
The goblin is heavily wounded.
The hobgoblin misses you. The goblin hits you.
* * * LOW HITPOINT WARNING * * *
You hit the goblin.
You kill the goblin!
The hobgoblin hits you but does no damage.
Robin throws the goblin at you! The goblin barely misses you.
You hit the goblin.
The goblin is poisoned.
The goblin is moderately wounded.
You kill the goblin!
The hobgoblin hits you with a club.
* * * LOW HITPOINT WARNING * * *
Robin throws the goblin at you! The goblin hits you but does no damage.
You closely miss the goblin. The hobgoblin closely misses you.
The goblin hits you with a dagger.
You die...

Action                   || total
-------------------------++-------
Melee: Dagger            ||    32
       Bite              ||    10
       Short sword       ||    27
 Fire: Blowgun           ||     3
 Stab: Sleeping          ||     6
Armor: Robe              ||    17
Dodge: Dodged            ||    31

Vault maps used:
D:1:      nagdon_arrival_zigzag_paths
D:2:      marbit_many_paths, serial_curves, eino_curves_01, eino_curves_04,
          eino_curves_04, uniq_robin

Notes
Turn   | Place    | Note
--------------------------------------------------------------
     0 | D:1      | zeroDi the Vine Stalker Assassin began the quest for the Orb.
     0 | D:1      | Reached XP level 1. HP: 11/11 MP: 2/2
   111 | D:1      | Reached skill level 5 in Stealth
   176 | D:1      | Reached XP level 2. HP: 15/15 MP: 3/3
   232 | D:1      | Reached skill level 2 in Short Blades
   263 | D:1      | Reached skill level 1 in Dodging
   382 | D:1      | Reached skill level 2 in Throwing
   564 | D:1      | Reached skill level 2 in Fighting
   862 | D:2      | Noticed Robin
   865 | D:2      | Reached XP level 3. HP: 18/18 MP: 4/4
   889 | D:2      | Slain by a goblin

Vanquished Creatures
  A dart slug (D:1)
  4 giant geckos (D:1)
  4 bats (D:1)
  A giant cockroach (D:1)
  6 goblins (D:2)
  4 hobgoblins
  3 kobolds (D:1)
  A rat (D:1)
24 creatures vanquished.
